 Dungeon Crawl Stone Soup version 0.18-a0-1348-g32b6e23 (webtiles) character file.

7287 Banto the Nimble (level 10, -14/80 HPs)
             Began as a Demonspawn Chaos Knight on Feb 18, 2016.
             Demolished by Sonja
             ... wielding a +0 short sword of distortion
              (21 damage)
             ... on level 10 of the Dungeon.
             The game lasted 00:22:49 (8065 turns).

Banto the Nimble (Demonspawn Chaos Knight)          Turns: 8065, Time: 00:22:49

Health: -14/80     AC: 11    Str: 13    XL:     10   Next: 89%
Magic:  19/19      EV: 26    Int: 15    God:    Xom [*.....]
Gold:   663        SH:  0    Dex: 23    Spells: 1 memorised, 3 levels left

rFire  + . .     SeeInvis .     J - +0 whip (elec)
rCold  . . .     Gourm    .     b - +2 leather armour
rNeg   . . .     Faith    .     (no shield)
rPois  .         Spirit   .     (helmet restricted)
rElec  .         Dismiss  .     x - +1 cloak
rCorr  .         Reflect  .     (no gloves)
SustAt .         Harm     .     (no boots)
MR     .....     Clarity  +     e - amulet of regeneration
Stlth  ++++......               (no ring)
                                E - ring of magical power

@: agile, not resistant to hostile enchantments, stealthy
A: antennae 1, molten scales 3, camouflage 1, agile 1, blurry vision 1, clarity,
clever 1, mutation resistance 2, powered by pain 2, screaming 2
a: Renounce Religion


You were on level 10 of the Dungeon.
You worshipped Xom.
You were a special plaything of Xom.
You were hungry.

You visited 2 branches of the dungeon, and saw 11 of its levels.
You also visited: Sewer.

You collected 663 gold pieces.

Inventory:

Hand Weapons
 J - a +0 whip of electrocution (weapon)
Armour
 b - a +2 leather armour (worn)
 x - a +1 cloak (worn)
Jewellery
 e - an amulet of regeneration (around neck)
 C - an uncursed amulet of harm
 E - a ring of magical power (left hand)
Wands
 q - a wand of heal wounds (4/9)
 s - a wand of hasting (1/9)
 t - a wand of paralysis (0/24)
 y - a wand of enslavement (0/24)
 A - a wand of hasting (5/9)
 L - a wand of flame (22/48)
Scrolls
 d - 6 scrolls of teleportation
 g - a scroll of fear
 j - 5 scrolls of amnesia
 l - 2 scrolls of recharging
 n - a scroll of brand weapon {unknown}
Potions
 h - 9 potions of curing
 p - 2 potions of lignification
 r - a potion of invisibility
 u - a potion of heal wounds
 w - 2 potions of resistance
 z - a potion of brilliance
 B - 5 potions of might
 F - 3 potions of agility
 G - a potion of haste
 I - 2 potions of cure mutation {unknown}
Books
 o - a book of Enchantments

   Spells                             Type                      Level
   a - Cause Fear                     Hexes                        4
   b - Yara's Violent Unravelling     Hexes/Transmutation          5
   c - Silence                        Hexes/Air                    5
   d - Deflect Missiles               Charms/Air                   6
   e - Haste                          Charms                       6
   f - Discord                        Hexes                        8
 v - the Compendium of the Escort and Darkness
   (You found it on level 9 of the Dungeon)

   Spells                             Type                      Level
   a - Summon Butterflies             Summoning                    1
   b - Summon Guardian Golem          Hexes/Summoning              3
   c - Vampiric Draining              Necromancy                   3
   d - Call Canine Familiar           Summoning                    3
   e - Summon Lightning Spire         Summoning/Air                4
   f - Bolt of Draining               Conjuration/Necromancy       5
 D - a book of Transfigurations

   Spells                             Type                      Level
   a - Irradiate                      Conjuration/Transmutation    5
   b - Statue Form                    Transmutation/Earth          6
   c - Hydra Form                     Transmutation                6
   d - Dragon Form                    Transmutation                7
Miscellaneous
 k - a box of beasts {used: 5}
Comestibles
 a - a royal jelly
 c - 11 bread rations
 f - 3 meat rations
 i - 3 fruits
 H - 2 beef jerkies
 K - 9 slices of pizza


   Skills:
 - Level 8.2 Fighting
 + Level 8.8 Maces & Flails
 - Level 4.3 Armour
 + Level 10.2 Dodging


You had 3 spell levels left.
You knew the following spells:

 Your Spells              Type           Power        Failure   Level  Hunger
a - Deflect Missiles      Chrm/Air       #.........   100%        6    #######


Dungeon Overview and Level Annotations

Branches:
Dungeon (10/15)            Temple (1/1) D:7
   Lair: D:8-11         Orc: D:9-12

Altars:
Ashenzari
Elyvilon
Fedhas
Kikubaaqudgha
Nemelex Xobeh
Okawaru
Qazlal
Sif Muna
Vehumet
Xom
Yredelemnul
Zin

Shops:
D:5 %   D:10 *

Portals:
Trove: D:10 (give +6 demon blade)

Annotations:
D:10 Erica, Sonja


Innate Abilities, Weirdness & Mutations

You have a pair of small antennae on your head.
You are completely covered in molten scales (AC +4, EV -1, rF+).
You sometimes gain power by taking damage.
Your skin changes colour to match your surroundings (Stealth).
You are agile. (Dex +2)
Scrolls take you a little longer to read.
You possess an exceptional clarity of mind.
Your mind is acute. (Int +2)
You are somewhat resistant to both further mutation and mutation removal.
You sometimes yell uncontrollably at your foes.


Message History

Sonja is moderately wounded.
Sonja barely misses you. Sonja misses you. Sonja closely misses you.
Your larval fireweird beast completely misses Sonja.
Your larval fireweird beast closely misses Sonja.
You barely miss Sonja.
Sonja is moderately wounded.
Sonja hits you with an uncursed short sword of distortion.
Space bends around you. Sonja misses you. Sonja closely misses you.
You closely miss Sonja.
Sonja is moderately wounded.
Xom's attention turns to you for a moment.
You convulse helplessly as pain tears through your body!
* * * LOW HITPOINT WARNING * * *
Your larval fireweird beast misses Sonja.
Your larval fireweird beast closely misses Sonja.
Sonja hits you with an uncursed short sword of distortion.
* * * LOW HITPOINT WARNING * * *
Space warps horribly around you!
You die...
Xom giggles madly!

≈.......................####
≈..........................#
...........................#
..........................##
..........................##
......[........(....)......#
......≈≈≈..................#
.#(...≈≈≈..(.....H.........#
###...≈≈≈.......@K......##.#
.#......§.).?...........#.##
.....Y..§.)...........#).##
...:......(............##<##
.....Y..Y..............#.#<#
.......................###<#
.......o................####
.#.........................
#...≈≈≈............##....#


You could see Sonja and a friendly larval fireweird beast.

Vanquished Creatures
  2 hill giants (D:10)
  The ghost of aleksiL the Digger, a novice DsEE of Gozag (D:4)
  A troll (D:10)
  Eustachio (D:4)
  4 ice beasts
  2 hippogriffs (D:10)
  A hungry ghost (D:8)
  A human (D:5)
  Purgy (Sewer)
  The ghost of Banto the Ruffian, an amateur VSSk (D:3)
  7 orc warriors
  A slave (D:4)
  A wasp (D:7)
  A black bear (D:8)
  2 sky beasts
  4 ogres
  A phantom (D:10)
  A centaur (D:3)
  A gnoll sergeant (D:9)
  4 giant frogs
  2 scorpions
  5 killer bees
  An electric eel (D:10)
  4 wights (D:10)
  3 crimson imps
  A quasit (D:5)
  4 hounds
  7 orc priests
  A jelly (D:8)
  Crazy Yiuf (D:4)
  2 giant frog skeletons (D:4)
  11 orc wizards
  Natasha (thrice) (D:4)
  4 iguanas
  5 worker ants
  2 killer bee zombies
  Robin (D:3)
  5 gnolls
  6 adders
  A shadow imp (D:9)
  2 oozes
  An adder zombie (D:5)
  2 adder skeletons
  5 giant geckos
  47 orcs
  7 giant cockroaches
  18 goblins
  8 hobgoblins
  2 jackals (D:10)
  A quokka (D:3)
  4 ball pythons
  8 bats
  13 giant newts
  A jackal skeleton (D:5)
  5 kobolds
  A quokka skeleton (D:5)
  9 rats
  A spectral orc (D:9)
242 creatures vanquished.

Vanquished Creatures (collateral kills)
  An orb spider (D:5)
  2 yaks (D:10)
  A phantom (D:9)
  A wasp (D:10)
  An ice beast (D:9)
  An ogre (D:4)
  Blork the orc (D:9)
  An electric eel (D:10)
  A hound (D:4)
  2 orc wizards
  4 gnolls (D:9)
  A giant gecko (D:4)
  2 orcs (D:10)
  A kobold (D:1)
  A giant newt (D:1)
21 creatures vanquished.

Vanquished Creatures (others)
  A yak (D:10)
  An ogre (D:4)
  A slave (D:5)
  2 killer bees
  A quokka zombie (D:5)
  2 plants (D:4)
8 creatures vanquished.

Grand Total: 271 creatures vanquished

Notes
Turn   | Place    | Note
--------------------------------------------------------------
     0 | D:1      | Banto the Demonspawn Chaos Knight began the quest for the Orb.
     0 | D:1      | Reached XP level 1. HP: 18/18 MP: 1/1
   110 | D:1      | XOM: potion effect (haste)
   113 | D:1      | Gained mutation: You are partially covered in molten scales (AC +1). [demonic ancestry]
   113 | D:1      | Reached XP level 2. HP: 24/24 MP: 2/2
   188 | D:1      | XOM: divination: detect creatures
   723 | D:2      | Gained mutation: You sometimes gain a little power by taking damage. [demonic ancestry]
   723 | D:2      | Reached XP level 3. HP: 29/29 MP: 3/3
   740 | D:2      | Found a shimmering altar of Xom.
  1036 | D:2      | Found a glowing silver altar of Zin.
  1189 | D:2      | XOM: divination: detect creatures
  1203 | D:2      | XOM: give mutations
  1203 | D:2      | Gained mutation: Your mind is acute. (Int +2) [Xom's grace]
  1203 | D:2      | Gained mutation: You possess an exceptional clarity of mind. [Xom's grace]
  1203 | D:2      | Gained mutation: Your mind is very acute. (Int +4) [Xom's grace]
  1203 | D:2      | Gained mutation: Your skin changes colour to match your surroundings (Stealth). [Xom's grace]
  1252 | D:3      | Noticed Banto's ghost (amateur VSSk)
  1259 | D:3      | Killed Banto's ghost
  1259 | D:3      | Reached skill level 4 in Maces & Flails
  1259 | D:3      | Gained mutation: You sometimes gain power by taking damage. [demonic ancestry]
  1259 | D:3      | Reached XP level 4. HP: 25/35 MP: 4/4
  1259 | D:3      | Gained mutation: You are mostly covered in molten scales (AC +3, EV -1). [demonic ancestry]
  1259 | D:3      | Reached XP level 5. HP: 29/41 MP: 5/5
  1437 | D:3      | Noticed Robin
  1445 | D:3      | Killed Robin
  1467 | D:3      | XOM: smoke on damage
  1622 | D:3      | Found a sparkling altar of Nemelex Xobeh.
  1723 | D:3      | Found a glowing drain.
  1736 | Sewer    | Entered a sewer
  1754 | Sewer    | Noticed Purgy
  1766 | Sewer    | Killed Purgy
  1766 | Sewer    | Reached XP level 6. HP: 43/47 MP: 6/6
  1815 | Sewer    | Reached skill level 1 in Dodging
  2120 | D:4      | XOM: noise
  2151 | D:3      | Reached skill level 5 in Maces & Flails
  2258 | D:4      | Noticed Natasha
  2283 | D:4      | Killed Natasha
  2323 | D:3      | XOM: silly message
  2364 | D:4      | XOM: cast spell 'Discord'
  2365 | D:4      | Reached XP level 7. HP: 34/52 MP: 7/7
  2402 | D:4      | Found an iron altar of Okawaru.
  2408 | D:4      | Noticed aleksiL's ghost (novice DsEE)
  2409 | D:4      | XOM: summons friendly iron imp
  2409 | D:4      | XOM: smoke on damage
  2477 | D:4      | Noticed Eustachio
  2479 | D:4      | Noticed Natasha
  2479 | D:4      | XOM: cast spell 'Shadow Creatures'
  2484 | D:4      | Killed Eustachio
  2495 | D:5      | Entered Level 5 of the Dungeon
  2501 | D:4      | Reached skill level 6 in Maces & Flails
  2592 | D:4      | XOM: polymorph orc -> gnoll
  2833 | D:4      | XOM: chaos cloud
  2912 | D:4      | XOM: divination: detect items
  2994 | D:4      | XOM: confuse monster(s)
  3003 | D:4      | Killed aleksiL's ghost
  3003 | D:4      | Reached XP level 8. HP: 58/58 MP: 8/8
  3024 | D:4      | XOM: summons friendly ufetubus
  3039 | D:4      | Reached skill level 7 in Maces & Flails
  3039 | D:4      | Reached skill level 5 in Dodging
  3106 | D:4      | Killed Natasha
  3111 | D:4      | Noticed Natasha
  3121 | D:4      | Killed Natasha
  3121 | D:4      | XOM: butterfly on damage
  3122 | D:4      | XOM: silly message
  3220 | D:4      | Noticed Crazy Yiuf
  3329 | D:4      | Killed Crazy Yiuf
  3446 | D:5      | Noticed Pikel
  3457 | D:5      | Noticed Pikel
  3457 | D:5      | Pikel changed into Pikel the orb spider
  3457 | D:5      | XOM: polymorph Pikel -> Pikel the orb spider
  3489 | D:5      | XOM: 1-stop teleportation journey
  3645 | D:5      | Killed Pikel the orb spider
  3711 | D:5      | XOM: polymorph sky beast -> human
  3712 | D:5      | XOM: give mutations
  3712 | D:5      | Gained mutation: Scrolls take you a little longer to read. [Xom's mischief]
  3712 | D:5      | Gained mutation: You are somewhat resistant to further mutation. [Xom's mischief]
  3712 | D:5      | Gained mutation: You occasionally shout uncontrollably at your foes. [Xom's mischief]
  3722 | D:5      | Reached skill level 5 in Fighting
  3931 | D:5      | XOM: scenery: create altars
  4030 | D:5      | Gained mutation: You have a pair of small antennae on your head. [demonic ancestry]
  4030 | D:5      | Reached XP level 9. HP: 46/68 MP: 9/9
  4100 | D:5      | Found Cedyischo's Food Shop.
  4233 | D:5      | XOM: polymorph crimson imp -> quasit
  4234 | D:5      | XOM: confuse monster(s)
  4572 | D:6      | Found a shattered altar of Ashenzari.
  4608 | D:6      | XOM: give mutations
  4608 | D:6      | Gained mutation: You are completely covered in molten scales (AC +4, EV -1, rF+). [Xom's grace]
  4608 | D:6      | Gained mutation: You have large cloven feet. [Xom's grace]
  4608 | D:6      | Gained mutation: You are somewhat resistant to both further mutation and mutation removal. [Xom's grace]
  4623 | D:6      | XOM: enchant monster (bad)
  4755 | D:6      | XOM: fog
  5154 | D:7      | XOM: polymorph quokka -> bat
  5167 | D:7      | Got a steaming robe
  5181 | D:7      | Identified the +0 robe of Immorality {rPois Str-3 Int+5} (You found it on level 7 of the Dungeon)
  5315 | D:7      | Found a staircase to the Ecumenical Temple.
  5327 | D:7      | XOM: god gift: 57 gold pieces
  5355 | D:7      | XOM: give mutations
  5355 | D:7      | Lost mutation: Your mind is very acute. (Int +4) [Xom's mischief]
  5355 | D:7      | Gained mutation: You are agile. (Dex +2) [Xom's mischief]
  5355 | D:7      | Gained mutation: You are frail (-10% HP). [Xom's mischief]
  5355 | D:7      | Lost mutation: You are frail (-10% HP). [Xom's mischief]
  5393 | D:7      | XOM: polymorph orc wizard -> wasp
  5400 | D:7      | XOM: cast spell 'Summon Small Mammal'
  5649 | D:7      | XOM: mild Hex miscast
  5782 | Temple   | Entered the Ecumenical Temple
  5874 | D:8      | Reached skill level 8 in Dodging
  5881 | D:8      | Lost mutation: You have large cloven feet. [mutagenic meat]
  5927 | D:8      | Found a radiant altar of Vehumet.
  5979 | D:8      | XOM: divination: detect items
  5984 | D:8      | XOM: harmless Chrm miscast
  6113 | D:8      | XOM: potion effect (berserk rage)
  6227 | D:8      | XOM: colour smoke trail
  6246 | D:8      | XOM: summons friendly iron imp
  6259 | D:8      | XOM: enchant monster (good)
  6277 | D:8      | Reached XP level 10. HP: 40/80 MP: 10/10
  6315 | D:8      | XOM: summons 5 hostile shadow creatures
  6392 | D:7      | XOM: colour smoke trail
  6703 | D:8      | XOM: harmless Pois miscast
  6718 | D:8      | XOM: cast spell 'Summon Butterflies'
  6757 | D:8      | XOM: divination: detect creatures
  6798 | D:9      | Noticed Blork the orc
  6814 | D:9      | Found a deep blue altar of Sif Muna.
  6898 | D:9      | XOM: noise
  6955 | D:9      | XOM: potion effect (agility)
  7049 | D:9      | XOM: colour smoke trail
  7075 | D:9      | XOM: cast spell 'Summon Dragon'
  7099 | D:9      | Identified the Compendium of the Escort and Darkness (You found it on level 9 of the Dungeon)
  7104 | D:9      | Reached skill level 9 in Dodging
  7109 | D:9      | Killed Blork the orc
  7260 | D:9      | Found a basalt altar of Yredelemnul.
  7372 | D:9      | XOM: 1-stop teleportation journey
  7392 | D:10     | Entered Level 10 of the Dungeon
  7454 | D:10     | Gained mutation: You sometimes yell uncontrollably at your foes. [potion of mutation]
  7462 | D:10     | Learned a level 6 spell: Deflect Missiles
  7502 | D:10     | XOM: enchant monster (good)
  7509 | D:10     | Noticed a hill giant
  7511 | D:10     | XOM: summons friendly crimson imp
  7520 | D:10     | Killed a hill giant
  7626 | D:10     | Noticed a hill giant
  7637 | D:10     | Killed a hill giant
  7690 | D:10     | XOM: noise
  7823 | D:10     | XOM: blink monster(s)
  7853 | D:10     | Reached skill level 10 in Dodging
  7954 | D:10     | Noticed Sonja
  7954 | D:10     | XOM: chaos upgrade
  7963 | D:10     | Found Ziell's Assorted Antiques.
  7998 | D:10     | Noticed Erica
  8001 | D:10     | Found a portal to a secret trove of treasure.
  8065 | D:10     | XOM: medium Necr miscast
  8065 | D:10     | Demolished by Sonja

Vault maps used:
D:1:      dpeg_arrival_radiant
D:2:      xom_butterflies, zin_scriptorium
D:3:      nicolae_overflow_crystal_walls, portal_sewer_entry_e,
          minmay_misc_feat_columns, uniq_robin
D:4:      old_standard_altar, first_bread, amethyst_killhole,
          minmay_lizard_king, uniq_eustachio, uniq_natasha,
          uniq_crazy_yiuf_cottage
D:5:      serial_shops, shop_coins, uniq_pikel
D:6:      ashenzari_conservatory_becter
D:7:      minmay_temple_entry_mist
D:8:      marbit_many_paths
D:9:      tgw_sif, yredelemnul_forgotten_temple_becter
D:10:     enter_trove_2, serial_shops, nicolae_shop_statue_plus, grunt_pizzeria,
          uniq_erica, uniq_sonja, uniq_fannar, uniq_maud
Temple:   circular_temple_12
Sewer:    sewer_co_purgy_island

Action                   |  1- 3 |  4- 6 |  7- 9 | 10-12 || total
-------------------------+-------+-------+-------+-------++-------
Melee: Mace              |   126 |       |       |       ||   126
       Dagger            |     8 |   144 |   457 |     3 ||   612
       Whip              |       |       |       |   310 ||   310
Evoke: Wand              |       |     3 |    15 |    12 ||    30
       Box of beasts     |       |       |       |     5 ||     5
  Use: Scroll            |       |     8 |    13 |     6 ||    27
       Potion            |       |     4 |       |     1 ||     5
 Stab: Sleeping          |     2 |     1 |     5 |       ||     8
       Petrifying        |     1 |       |       |       ||     1
       Paralysed         |       |       |    15 |       ||    15
       Confused          |       |       |     4 |       ||     4
       Distracted        |       |       |     1 |       ||     1
  Eat: Chunk             |     1 |     4 |    19 |     6 ||    30
       Pizza             |       |       |     1 |       ||     1
